 Dungeon Crawl Stone Soup version 0.29.1-15-g9cfb28693d (webtiles) character file.

Game seed: 4799331814000995039

9 Hugehornet the Covert (level 2, -13/29 HPs)
             Began as a Gnoll Delver on Feb 23, 2023.
             Killed by divine providence
             ... invoked by an orc priest
              (15 damage)
             ... on level 5 of the Dungeon.
             The game lasted 00:00:42 (129 turns).

Hugehornet the Covert (Gnoll Delver)                 Turns: 129, Time: 00:00:44

Health: -13/29     AC: 11    Str: 11    XL:     2   Next: 16%
Magic:  2/2        EV: 13    Int:  9    God:
Gold:   14         SH:  0    Dex: 13    Spells: 1/1 levels left

rFire   . . .      SeeInvis .   i - +1 morningstar (protect)
rCold   + . .      Faith    .   (no shield)
rNeg    . . .      Spirit   .   h - +1 leather armour {rC+}
rPois   .          Reflect  .   (no helmet)
rElec   .          Harm     .   (no cloak)
rCorr   .          Rampage  .   (no gloves)
Will    .....                   (no boots)
Stlth   ++++......              (no amulet)
HPRegen 0.09/turn               (no ring)
MPRegen 0.08/turn               (no ring)

@: under a protective aura, hasted, very quick
A: fangs 1, strong nose, distributed training
a: no special abilities


You were on level 5 of the Dungeon.
You visited 1 branch of the dungeon, and saw 1 of its levels.

You collected 14 gold pieces.

Inventory:

Hand Weapons
 a - a +0 spear
 i - a +1 morningstar of protection (weapon)
Armour
 b - a +0 leather armour
 h - a +1 leather armour of cold resistance (worn)
Wands
 g - a wand of digging (3)
Scrolls
 c - a scroll of fog
 d - a scroll of magic mapping
 e - a scroll of fear


   Skills:
 + Level 6.4 Fighting
 + Level 0.3 Short Blades
 + Level 0.3 Long Blades
 + Level 0.3 Axes
 + Level 0.3 Maces & Flails
 + Level 4.4 Polearms
 + Level 0.3 Staves
 + Level 0.3 Ranged Weapons
 + Level 0.3 Throwing
 + Level 0.3 Armour
 + Level 4.4 Dodging
 + Level 9.5 Stealth
 + Level 0.3 Shields
 + Level 0.3 Unarmed Combat
 + Level 0.3 Spellcasting
 + Level 0.2 Conjurations
 + Level 0.2 Hexes
 + Level 0.2 Summonings
 + Level 0.2 Necromancy
 + Level 0.2 Translocations
 + Level 0.2 Transmutations
 + Level 0.2 Fire Magic
 + Level 0.2 Ice Magic
 + Level 0.2 Air Magic
 + Level 0.2 Earth Magic
 + Level 0.2 Poison Magic
 + Level 0.4 Invocations
 + Level 0.3 Evocations


You had one spell level left.
You didn't know any spells.
Your spell library was empty.

Dungeon Overview and Level Annotations

Branches:
Dungeon (5/15)
 Temple: D:4-7

Altars:


Innate Abilities, Weirdness & Mutations

You have very sharp teeth.
Your uncanny sense of smell can sniff out nearby items.
Your experience applies equally to all skills.


Message History

You closely miss the white imp.
The white imp is almost dead.
The white imp hits you but does no damage.
The white imp gestures at you. The puff of frost hits you. You resist.
* * * LOW HITPOINT WARNING * * *
You barely miss the white imp.
The white imp is almost dead.
The white imp hits you.
* * * LOW HITPOINT WARNING * * *
The white imp freezes you. You resist.
* * * LOW HITPOINT WARNING * * *
You feel yourself speed up. The white imp misses you.
You closely miss the white imp.
The white imp is almost dead.
The white imp closely misses you.
You closely miss the white imp.
The white imp is almost dead.
The white imp gestures at you. The puff of frost misses you.
You barely miss the white imp.
The white imp is almost dead.
The white imp hits you but does no damage.
You hit the white imp.
Your weapon exudes an aura of protection.
You kill the white imp!
You have reached level 2!
You completely miss the orc priest. The orc priest barely misses you.
You closely miss the orc priest. Your bite misses the orc priest.
The orc priest casts a cantrip, but nothing happens.
You puncture the orc priest!
The orc priest is almost dead.
The orc priest casts a cantrip, but nothing happens.
You barely miss the orc priest.
You bite the orc priest, but do no damage.
The orc priest is almost dead.
The orc priest calls down the wrath of Beogh upon you.
Beogh smites you!
Ouch! That really hurt!
You die...

#.........##..##....
#.............##....
#.............##....
#.............#.....
#.............'.....
#.............#.....
###'######....######
#o# #....# #@#
#....# #'# #....#
#........# #....#
#........# #....#
#........# ###+##
#........#
#........+∆
#..$.....#
##########


You could see an orc priest.

Vanquished Creatures
  A white imp (D:5)
  An orc (D:5)
2 creatures vanquished.

Notes
Turn   | Place    | Note
-------+----------+-------------------------------------------
     0 | D:5      | Reached skill level 9 in Stealth
     0 | D:5      | Hugehornet the Gnoll Delver began the quest for the Orb.
     0 | D:5      | Reached XP level 1. HP: 23/23 MP: 1/1
    53 | D:5      | Noticed an iguana
    90 | D:5      | Noticed a scorpion
    91 | D:5      | Noticed an orc priest
   120 | D:5      | HP: 1/23 [white imp (2)]
   126 | D:5      | Reached XP level 2. HP: 2/29 MP: 2/2
   129 | D:5      | Killed from afar by an orc priest

Illustrated notes

Levels and vault maps discovered:
D:5:      layout_basic, dk_rats_in_the_wall

Skill      XL: | |
---------------+-+-----
Stealth        | |  9.5
Fighting       | |  6.4
Short Blades   | |  0.3
Long Blades    | |  0.3
Axes           | |  0.3
Maces & Flails | |  0.3
Polearms       | |  4.4
Staves         | |  0.3
Ranged Weapons | |  0.3
Throwing       | |  0.3
Armour         | |  0.3
Dodging        | |  4.4
Shields        | |  0.3
Unarmed Combat | |  0.3
Spellcasting   | |  0.3
Conjurations   | |  0.2
Hexes          | |  0.2
Summonings     | |  0.2
Necromancy     | |  0.2
Translocations | |  0.2
Transmutations | |  0.2
Fire Magic     | |  0.2
Ice Magic      | |  0.2
Air Magic      | |  0.2
Earth Magic    | |  0.2
Poison Magic   | |  0.2
Invocations    | |  0.4
Evocations     | |  0.3

Action                   || total
-------------------------++-------
Melee: Morningstar       ||    14
       Bite              ||     2
  Use: Potion            ||     1
Armor: Leather armour    ||     4
Dodge: Dodged            ||    11
